 Dungeon Crawl Stone Soup version 0.31-a0-1172-g9944ec47dd (webtiles) character file.

Game seed: 1214037287999686664

577 qw the Shooter (level 7, -2/43 HPs)
             Began as a Gargoyle Hunter on Dec 10, 2023.
             Slain by a yak (4 damage)
             ... on level 5 of the Dungeon.
             The game lasted 00:01:14 (2465 turns).

qw the Shooter (Gargoyle Hunter)                    Turns: 2465, Time: 00:01:14

Health: -2/43      AC: 11    Str: 15    XL:     7   Next: 35%
Magic:  7/7        EV: 12    Int:  9    God:
Gold:   131        SH:  0    Dex: 15    Spells: 6/6 levels left

rFire   . . .        a - +1 shortbow
rCold   + . .        (shield currently unavailable)
rNeg    + . .        h - +0 leather armour {rC+}
rPois   inf          (no helmet)
rElec   +            (no cloak)
rCorr   .            g - +1 pair of gloves
SInv    .            j - +0 pair of boots
Will    .....        (no amulet)
Stlth   ++           (no ring)
HPRegen 0.27/turn    (no ring)
MPRegen 0.10/turn

%: no passive effects
@: no status effects
A: sickness immunity, AC +4, negative energy resistance 1, electricity
resistance, torment resistance 1, petrification resistance
a: no special abilities


You were on level 5 of the Dungeon.
You visited 1 branch of the dungeon, and saw 4 of its levels.
You also visited: Sewer.

You collected 161 gold pieces.
You spent 30 gold pieces at shops.


Innate Abilities, Weirdness & Mutations

You are immune to sickness and miasma.
Your stone body is resilient. (AC +4)
You are immune to poison.
You resist negative energy. (rN+)
You are resistant to electric shocks. (rElec)
You are resistant to unholy torment.
You are immune to petrification.


   Skills:
 - Level 4.0 Fighting
 + Level 7.3 Ranged Weapons
 - Level 1.1 Armour
 - Level 2.9 Dodging
 - Level 1.1 Stealth


You had 6 spell levels left.
You didn't know any spells.
Your spell library was empty.

Inventory:

Hand Weapons
 a - a +1 shortbow (weapon)
Armour
 f - a +0 ring mail
 g - a +1 pair of gloves (worn)
 h - a +0 leather armour of cold resistance (worn)
 j - a +0 pair of boots (worn)
Potions
 b - 2 potions of curing
 e - 3 potions of enlightenment

Dungeon Overview and Level Annotations

Branches:
Dungeon (5/15)              Sewer (visited)
 Temple: D:4-7

Altars:
Uskayaw
Vehumet

Shops:
D:2 (!


Message History

You shoot an arrow. The arrow barely misses the yak.
The arrow hits the yak.
The yak is lightly wounded.
The yak gores you but does no damage.
You shoot an arrow.
The arrow hits the yak but does no damage.
The yak is lightly wounded.
The yak barely misses you.
You shoot an arrow. The arrow hits the yak.
The yak is moderately wounded.
The yak gores you but does no damage.
You shoot an arrow. The arrow hits the yak.
The yak is moderately wounded.
The yak gores you.
You shoot an arrow. The arrow hits the yak.
The yak is heavily wounded.
The yak closely misses you.
An orc comes into view. It is wielding a +0 sling.
You shoot an arrow. The orc shouts!
The arrow hits the yak!
The yak is severely wounded.
You hear a shout!
The yak gores you but does no damage.
You shoot an arrow.
The arrow hits the yak but does no damage.
The yak is severely wounded.
The yak gores you.
An orc priest comes into view. It is wielding a +0 club.
You shoot an arrow. The arrow hits the yak.
The yak is severely wounded.
The yak gores you!
You shoot an arrow.
The arrow hits the yak but does no damage.
The yak is severely wounded.
The yak gores you!
An orc comes into view. It is wielding a +0 trident.
You shoot an arrow. The arrow barely misses the yak. x2
The orc shouts!
The yak gores you.
You die...

......Y........# ##.#
#..og%#.......# #.#
#o.......# #.##
#........# #..##
#oo..##### ##..#
#Yo..# ##.. #OYg.# ##.
######YYo(# ########
#....@#########.....##
#....##~.~.~..~~....#
#....#~~~~~~~~.~#...#
#....#.%#########...##
#....#..~~~~~~##....##
#....##~....~.~##.....
#.....##~~~~~~..#.....
###.##########..#.....
#.##~.~~~~~~~~##....


You could see 4 yaks, an ogre, an orc priest, 4 orcs and a hobgoblin.

Vanquished Creatures
  2 yaks (D:5)
  A brain worm (Sewer)
  A jelly (Sewer)
  An iguana (D:5)
  5 adders
  3 river rats (Sewer)
  5 worms
  A dart slug (D:1)
  6 endoplasms
  4 giant cockroaches
  5 hobgoblins
  6 jackals
  8 kobolds
  7 quokkas
  12 ball pythons
  12 bats
  4 frilled lizards
  7 goblins
  5 rats
95 creatures vanquished.

Notes
Turn   | Place    | Note
-------+----------+-------------------------------------------
     0 | D:1      | qw the Gargoyle Hunter began the quest for the Orb.
     0 | D:1      | Reached XP level 1. HP: 12/12 MP: 1/1
     0 | D:1      | 0 ||| qw: Version: 0.3-a-106-gc739b70
     0 | D:1      | 0 ||| qw: Game counter: 1946
     0 | D:1      | 0 ||| qw: Melee chars always use a shield: true
     0 | D:1      | 0 ||| qw: God list: Okawaru
     0 | D:1      | 0 ||| qw: Allow faded altars: false
     0 | D:1      | 0 ||| qw: Do Orc after clearing Dungeon:15 true
     0 | D:1      | 0 ||| qw: Do second Lair branch before Depths: true
     0 | D:1      | 0 ||| qw: Lair rune preference: random
     0 | D:1      | 0 ||| qw: Goals: Normal, Save, Zot:1-4, Win
     0 | D:1      | 0 ||| PLANNING D:1-11
   233 | D:1      | 233 ||| RETREEAATING.
   236 | D:1      | Reached XP level 2. HP: 17/17 MP: 2/2
   392 | D:1      | Reached XP level 3. HP: 21/21 MP: 3/3
   407 | D:1      | Reached skill level 5 in Ranged Weapons
   716 | D:1      | 716 ||| UPGRADING to +0 ring mail.
   726 | D:1      | 726 ||| DROPPING +0 leather armour.
   727 | D:1      | 727 ||| UPGRADING to +0 pair of gloves.
   732 | D:1      | 732 ||| READING scroll labelled OXKASM ZAUSHRIL.
   733 | D:1      | 733 ||| READING 2 scrolls labelled CEPUHE GAXUA.
   733 | D:1      | 733 ||| IDENTIFYING metallic silvery potion
   734 | D:1      | 734 ||| READING scroll of identify.
   734 | D:1      | 734 ||| IDENTIFYING scroll labelled VIMEUJ CAHAM
   735 | D:1      | 735 ||| READING scroll of enchant weapon.
   735 | D:1      | 735 ||| ENCHANTING +0 shortbow.
   736 | D:1      | 736 ||| READING scroll labelled VUAKHL CAGEGO.
   737 | D:1      | 737 ||| READING scroll labelled RUPRIB CANGA.
   738 | D:1      | 738 ||| DROPPING scroll of butterflies.
   739 | D:1      | 739 ||| DROPPING potion of attraction.
   779 | D:2      | Found Nystua's Distillery.
   788 | D:2      | 788 ||| BUYING potion of curing (30 gold).
   788 | D:2      | Bought a potion of curing for 30 gold pieces
   788 | D:2      | 788 ||| SHOPLISTING potion of curing (30 gold, have 4).
   788 | D:2      | 788 ||| SHOPLISTING potion of might (40 gold, have 4).
   859 | D:2      | Found a faded altar of an unknown god.
   924 | D:2      | Reached skill level 1 in Armour
   965 | D:2      | Found Tapizum's Antique Weapon Emporium.
   973 | D:2      | Reached skill level 3 in Fighting
   973 | D:2      | Reached XP level 4. HP: 28/28 MP: 4/4
   978 | D:2      | 978 ||| SHOPLISTING runed shortbow (144 gold, have 21).
  1447 | D:2      | 1447 ||| UPGRADING to +0 leather armour of cold resistance.
  1457 | D:2      | 1457 ||| READING scroll labelled YFUGASHRIOCU.
  1458 | D:2      | 1458 ||| READING scroll labelled PUIWAMOEXE.
  1458 | D:2      | 1458 ||| ENCHANTING +0 pair of gloves.
  1459 | D:2      | 1459 ||| DRINKING 4 sedimented cyan potions.
  1558 | D:3      | You fall into a shaft and drop 2 floors!
  1558 | D:5      | Entered Level 5 of the Dungeon
  1589 | D:5      | 1589 ||| PLANNING SEWER
  1602 | D:5      | Reached XP level 5. HP: 28/32 MP: 5/5
  1644 | D:5      | Found a hide-covered altar of Uskayaw.
  1682 | D:5      | Found a glowing drain.
  1700 | Sewer    | Entered a sewer
  1727 | Sewer    | Reached skill level 6 in Ranged Weapons
  1895 | Sewer    | HP: 3/33 [river rat (6)]
  1896 | Sewer    | 1896 ||| DRINKING 3 potions of heal wounds.
  2117 | Sewer    | HP: 7/33 [brain worm/psychic fangs (7)]
  2118 | Sewer    | 2118 ||| DRINKING 2 potions of heal wounds.
  2120 | Sewer    | Reached XP level 6. HP: 32/38 MP: 2/6
  2363 | Sewer    | 2363 ||| UPGRADING to +0 pair of boots.
  2368 | Sewer    | 2368 ||| READING scroll of identify.
  2368 | Sewer    | 2368 ||| IDENTIFYING bubbling yellow potion
  2369 | Sewer    | 2369 ||| DROPPING potion of magic.
  2392 | D:5      | 2392 ||| PLANNING D:1-11
  2423 | D:5      | Found a radiant altar of Vehumet.
  2423 | D:5      | Noticed a yak
  2423 | D:5      | Noticed a yak
  2424 | D:5      | 2424 ||| RETREEAATING.
  2424 | D:5      | Noticed a yak
  2424 | D:5      | Noticed a yak
  2424 | D:5      | Noticed a yak
  2424 | D:5      | Noticed a yak
  2437 | D:5      | Killed a yak
  2438 | D:5      | Reached skill level 7 in Ranged Weapons
  2438 | D:5      | Reached XP level 7. HP: 21/43 MP: 7/7
  2438 | D:5      | HP: 7/43 [yak (6)]
  2439 | D:5      | 2439 ||| DRINKING potion of heal wounds.
  2440 | D:5      | 2440 ||| Stepping ~*~*~tactically~*~*~ (retreating).
  2441 | D:5      | 2441 ||| Stepping ~*~*~tactically~*~*~ (retreating).
  2442 | D:5      | 2442 ||| Stepping ~*~*~tactically~*~*~ (retreating).
  2443 | D:5      | 2443 ||| Stepping ~*~*~tactically~*~*~ (retreating).
  2444 | D:5      | 2444 ||| Stepping ~*~*~tactically~*~*~ (retreating).
  2445 | D:5      | 2445 ||| Stepping ~*~*~tactically~*~*~ (retreating).
  2452 | D:5      | Killed a yak
  2464 | D:5      | HP: 1/43 [yak (12)]
  2465 | D:5      | Slain by a yak

Levels and vault maps discovered:
D:1:      minmay_arrival_widening_spiral_narrow, layout_rooms
D:2:      layout_loops_ring, ebering_ecumenical_altar_box, serial_shops,
          nicolae_shop_advertising_works [nicolae_subvault_shop_adworks], shop,
          guppyfry_early_lair_pool
D:3:      layout_rooms, kennysheep_generic_room_4, uniq_ijyb
D:5:      layout_basic, mainiacjoe_overflow_alcove_4, vehumet_altar_wand_db,
          gup_sewer_entry_pipe, serial_shops, nicolae_shop_just_a_little_nook

Skill      XL: |  1  2  3  4  5  6  7 |
---------------+----------------------+-----
Ranged Weapons | 5 6 7 |  7.3
Armour         | 1 |  1.1
Fighting       | 3 4 |  4.0
Dodging        | 2 |  2.9
Stealth        | |  1.1

Action                     |  1- 3 |  4- 6 |  7- 9 || total
---------------------------+-------+-------+-------++-------
   Fire: Shortbow          |   115 |   173 |    21 ||   309
    Use: Scroll            |     6 |     3 |       ||     9
         Potion            |       |     3 |     1 ||     4
 Armour: Leather armour    |    24 |    73 |    16 ||   113
         Ring mail         |     4 |     5 |       ||     9
  Dodge: Dodged            |    23 |    72 |    11 ||   106

Table legend:
 A = Non-vault XP
 B = Vault XP
 C = Vault XP percentage of total XP
 D = Non-vault monster count
 E = Vault monster count
 F = Vault count percentage of total count
                 A         B        C        D         E       F
            +---------+---------+-------+---------+---------+-------
      Total |     574 |     251 |  30.4 |      63 |      32 |  33.7
            +---------+---------+-------+---------+---------+-------
        D:1 |      56 |       0 |   0.0 |      34 |       0 |   0.0
        D:2 |      81 |       0 |   0.0 |      21 |       0 |   0.0
        D:3 |       6 |       0 |   0.0 |       4 |       0 |   0.0
        D:5 |     431 |       8 |   1.8 |       4 |       4 |  50.0
      Sewer |       0 |     243 | 100.0 |       0 |      28 | 100.0
            +---------+---------+-------+---------+---------+-------
